 Dungeon Crawl Stone Soup version 0.24-a0-507-g3e8b242632 (webtiles) character file.

Game seed: 8955631301234272649

3985 Atelerd the Thaumaturge (level 10, -4/63 HPs)
             Began as an Octopode Wizard on July 19, 2019.
             Was an Initiate of Sif Muna.
             Splashed by Maurice's acid (17 damage)
             ... on level 9 of the Dungeon.
             The game lasted 00:26:40 (10921 turns).

Atelerd the Thaumaturge (Octopode Wizard)          Turns: 10921, Time: 00:26:41

Health: -4/63      AC: -7    Str:  6    XL:     10   Next: 22%
Magic:  23/23      EV: 13    Int: 24    God:    Sif Muna [......]
Gold:   431        SH:  0    Dex: 11    Spells: 13/27 levels left

rFire    . . .     SeeInvis .   I - +2 dagger (venom)
rCold    . . .     Gourm    .   (no shield)
rNeg     . . .     Faith    .   a - +0 hat
rPois    +         Spirit   .   u - amulet of magic regeneration
rElec    .         Reflect  .   b - ring of protection from magic
rCorr    .         Harm     .   E - ring of poison resistance
MR       +....                  (no ring)
Stlth    +++.......             (no ring)
HPRegen  0.20/turn              (no ring)
MPRegen  0.43/turn              (no ring)
                                (no ring)
                                (no ring)

@: corroded
A: almost no armour, stealthy swim, amphibious, 8 rings, constrict 8, camouflage
1, gelatinous body 1
a: Renounce Religion


You were on level 9 of the Dungeon.
You worshipped Sif Muna.
Sif Muna was noncommittal.
You were not hungry.

You visited 2 branches of the dungeon, and saw 10 of its levels.

You collected 431 gold pieces.

Inventory:

Hand Weapons
 j - a +0 dagger
 l - a +0 hunting sling
 t - a +2 whip of flaming
 I - a +2 dagger of venom (weapon)
Missiles
 f - 49 poisoned darts (quivered)
 m - 51 sling bullets
 o - 262 stones
Armour
 a - a +0 hat (worn)
Jewellery
 b - a ring of protection from magic (left tentacle)
 u - an amulet of magic regeneration (around mantle)
 w - an uncursed amulet of regeneration
 E - a ring of poison resistance (right tentacle)
 G - an uncursed ring of ice
 J - an uncursed amulet of inaccuracy
Wands
 x - a wand of iceblast (8)
 A - a wand of acid (6)
 B - a wand of disintegration (3)
Scrolls
 h - a scroll of immolation
 i - 6 scrolls of enchant weapon
 k - 7 scrolls of teleportation
 q - 3 scrolls of magic mapping
 s - 2 scrolls of enchant armour
 y - 2 scrolls of remove curse
 C - 2 scrolls of noise
 K - a scroll of amnesia
 L - 2 scrolls of holy word
Potions
 d - 2 potions of ambrosia
 e - 3 potions of flight
 g - 3 potions of lignification
 n - 2 potions of brilliance
 p - 2 potions of mutation {unknown}
 r - 3 potions of curing {unknown}
 v - 2 potions of degeneration {unknown}
 z - 3 potions of heal wounds
 D - a potion of berserk rage {unknown}
 F - a potion of might
 M - a potion of resistance {unknown}
Comestibles
 c - 16 rations


   Skills:
 + Level 3.6 Fighting
 - Level 2.0 Dodging
 - Level 2.6 Stealth
 * Level 9.3 Spellcasting
 + Level 7.2 Conjurations
 + Level 3.6 Hexes
   Level 1.0 Summonings
 + Level 2.4 Translocations
 + Level 3.6 Ice Magic
 * Level 3.8 Invocations


You had 13 spell levels left.
You knew the following spells:

 Your Spells              Type           Power        Failure   Level  Hunger
a - Magic Dart            Conj           ####         1%          1    None
b - Mephitic Cloud        Conj/Pois/Air  ###.....     6%          3    None
c - Blink                 Tloc           N/A          3%          2    None
d - Conjure Flame         Conj/Fire      ####....     3%          3    None
e - Metabolic Englaciati  Hex/Ice        ####......   34%         5    ####...

Your spell library contained the following spells:

 Spells                   Type           Power        Failure   Level  Hunger
 Confusing Touch          Hex            ####..       1%          1    None
 Slow                     Hex            ####....     1%          2    None
 Confuse                  Hex            ####....     3%          3    None
 Call Imp                 Summ           ###.....     5%          2    None
 Gell's Gravitas          Tloc           ###.......   6%          3    None
 Petrify                  Tmut/Erth      ##......     50%         4    ##.....
 Yara's Violent Unravell  Hex/Tmut       ###.......   58%         5    ####...


Dungeon Overview and Level Annotations

Branches:
Dungeon (9/15)             Temple (1/1) D:7
   Lair: D:8-11         Orc: D:9-12

Altars:
Ashenzari
Cheibriados
Fedhas
Gozag
Hepliaklqana
Makhleb
Okawaru
Qazlal
Ru
Sif Muna
Trog
Uskayaw
Wu Jian
Yredelemnul
Zin

Shops:
D:7 [

Annotations:
D:2 exclusion: downstairs
D:3 exclusion: 2 downstairs
D:4 Menkaure
D:7 exclusion: 2 downstairs
D:8 1 runed translucent door, exclusion: downstairs, icckedyourdad's ghost, novice OpTm
D:9 1 transporter, Maurice; Pikel; hemabe's ghost, novice HuAr


Innate Abilities, Weirdness & Mutations

You cannot wear most types of armour.
You are very stealthy in the water. (Stealth+)
You are amphibious.
You can wear up to eight rings at the same time.
You can use your tentacles to constrict eight enemies at once.
Your skin changes colour to match your surroundings (Stealth+).
Your rubbery body absorbs attacks. (AC +1, EV +1)


Message History

Pikel is engulfed in noxious fumes.
Pikel appears confused.
Pikel is engulfed in noxious fumes.
A black bear comes into view.
Pikel hits the slave with a +1 whip of flaming.
Pikel burns the slave.
Pikel hits himself with a +1 whip of flaming.
Pikel burns himself.
A slave comes into view.
The slave misses you.
The slave misses something.
The slave barely misses something.
You hear a zap.
A bolt of acid appears from out of thin air!
The bolt of acid hits you! The acid corrodes you!
You are splashed with acid!
There is a stone staircase leading up here.
You hear a zap.
A bolt of acid appears from out of thin air!
The bolt of acid hits you!!
* * * LOW HITPOINT WARNING * * *
The acid corrodes you!
You are splashed with acid!
You die...

#.... ##....# #...#
#.....# #...##
##.....# #....##
##......# #.....#
#..p....#
#.....#####....####
#..................
#.......ยง..........
#.@...p............
#..................
#..................
################...
#....... #.......
#.....p. #.......
#.......


You could see a slave.

Vanquished Creatures
  Joseph (D:7)
  A hornet (D:8)
  Prince Ribbit (D:6)
  A hippogriff (D:9)
  A meliai zombie (D:8)
  A spriggan (D:7)
  Eustachio (D:6)
  A wyvern (D:8)
  An orc warrior (D:7)
  3 ice beasts
  2 sky beasts
  2 ogres (D:4)
  A centaur (D:7)
  A big kobold (D:8)
  A water moccasin zombie (D:6)
  2 scorpions
  6 killer bees (D:7)
  A jelly (D:8)
  A quasit (D:8)
  A centaur zombie (D:8)
  5 orc priests
  3 hounds
  A centaur skeleton (D:8)
  10 orc wizards
  Jessica (D:3)
  5 worker ants
  Natasha (thrice) (D:3)
  3 iguanas
  A hound zombie (D:8)
  Robin (D:4)
  A worker ant zombie (D:8)
  5 adders
  A howler monkey skeleton (D:5)
  4 worms
  2 dart slugs
  4 leopard geckos
  14 orcs
  A ball python (D:2)
  4 giant cockroaches
  15 hobgoblins
  6 kobolds
  A quokka (D:4)
  12 bats
  4 frilled lizards
  13 goblins
  A jackal skeleton (D:5)
  A leopard gecko skeleton (D:4)
  A leopard gecko zombie (D:5)
  2 quokka skeletons (D:4)
  13 rats
168 creatures vanquished.

Notes
Turn   | Place    | Note
-------+----------+-------------------------------------------
     0 | D:1      | Atelerd the Octopode Wizard began the quest for the Orb.
     0 | D:1      | Reached XP level 1. HP: 11/11 MP: 4/4
   188 | D:1      | Reached XP level 2. HP: 17/17 MP: 0/6
   813 | D:2      | Reached XP level 3. HP: 19/21 MP: 0/7
   858 | D:2      | Learned a level 3 spell: Mephitic Cloud
   861 | D:2      | Learned a level 2 spell: Blink
  1618 | D:2      | Reached XP level 4. HP: 27/27 MP: 2/9
  1630 | D:2      | Learned a level 3 spell: Conjure Flame
  2261 | D:3      | Reached skill level 4 in Spellcasting
  2853 | D:3      | Reached XP level 5. HP: 31/31 MP: 8/11
  2859 | D:3      | Noticed Jessica
  2866 | D:3      | Killed Jessica
  2921 | D:3      | Noticed Natasha
  2937 | D:3      | Killed Natasha
  3502 | D:3      | Noticed Natasha
  3511 | D:3      | Killed Natasha
  3511 | D:3      | Reached XP level 6. HP: 30/36 MP: 9/13
  3683 | D:3      | Reached skill level 5 in Spellcasting
  4018 | D:3      | Noticed Natasha
  4179 | D:3      | Killed Natasha
  4383 | D:4      | Noticed Robin
  4814 | D:4      | Found an ornate altar of the Wu Jian Council.
  4814 | D:4      | Found a hide-covered altar of Uskayaw.
  4814 | D:4      | Found a basalt altar of Yredelemnul.
  4814 | D:4      | Found a sacrificial altar of Ru.
  4814 | D:4      | Found a shattered altar of Ashenzari.
  4814 | D:4      | Found a bloodstained altar of Trog.
  5047 | D:4      | Noticed Menkaure
  5179 | D:4      | Killed Robin
  5601 | D:4      | Reached XP level 7. HP: 33/41 MP: 7/15
  5781 | D:4      | Reached skill level 6 in Spellcasting
  6253 | D:5      | Entered Level 5 of the Dungeon
  6308 | D:5      | Reached skill level 5 in Conjurations
  6472 | D:5      | Reached XP level 8. HP: 46/46 MP: 10/18
  6518 | D:5      | Reached skill level 7 in Spellcasting
  7004 | D:6      | Noticed Prince Ribbit
  7016 | D:6      | Killed Prince Ribbit
  7076 | D:6      | Found a shattered altar of Ashenzari.
  7087 | D:6      | Learned a level 5 spell: Metabolic Englaciation
  7382 | D:6      | Noticed Eustachio
  7394 | D:6      | Reached skill level 8 in Spellcasting
  7401 | D:6      | Reached skill level 1 in Fighting
  7401 | D:6      | Reached skill level 1 in Hexes
  7401 | D:6      | Reached skill level 1 in Ice Magic
  7406 | D:6      | Killed Eustachio
  7781 | D:7      | Reached XP level 9. HP: 40/54 MP: 13/21
  7861 | D:7      | Noticed Joseph
  7874 | D:7      | Killed Joseph
  8074 | D:7      | Found a staircase to the Ecumenical Temple.
  8116 | Temple   | Entered the Ecumenical Temple
  8136 | Temple   | Became a worshipper of Sif Muna the Loreminder
  8231 | D:7      | Found Wuwobef's Antique Armour Emporium.
  8316 | D:7      | Reached skill level 1 in Invocations
  9024 | D:8      | Found a runed translucent door.
  9024 | D:8      | Noticed icckedyourdad's ghost (novice OpTm)
  9035 | D:8      | Noticed a hornet
  9045 | D:8      | Killed a hornet
  9050 | D:8      | Reached skill level 9 in Spellcasting
  9598 | D:8      | Reached XP level 10. HP: 63/63 MP: 3/23
 10441 | D:9      | Noticed Maurice
 10733 | D:9      | Reached * piety under Sif Muna
 10796 | D:9      | Noticed hemabe's ghost (novice HuAr)
 10797 | D:9      | Noticed a two-headed ogre
 10798 | D:9      | Found a transporter.
 10798 | D:9      | Identified the cursed +2 dire flail of Causality {freeze,
                  | Str+3 Dex+3}
 10798 | D:9      | Noticed a two-headed ogre
 10888 | D:9      | Noticed Pikel
 10921 | D:9      | Splashed by Maurice's acid

Levels and vault maps discovered:
D:1:      eino_arrival_water_star, layout_rooms
D:2:      cheibrodos_greedy_goblins, layout_loops_ring
D:3:      layout_basic, first_ration, minmay_distorted, uniq_jessica,
          uniq_natasha
D:4:      layout_gridville, grunt_temple_overflow_open,
          amethyst_overflow_temple_binary, uniq_robin, uniq_menkaure
D:5:      layout_loops_ring
D:6:      layout_rooms, cheibrodos_ashenzari_chains, uniq_prince_ribbit1,
          uniq_eustachio
D:7:      layout_loops_ring, minmay_temple_entry_water_ring, serial_shops, shop,
          kennysheep_nondescript, fountainhead, the_bakery, uniq_joseph
D:8:      layout_basic, hellmonk_ghost_happy_afterlife
D:9:      layout_grid_maze, lemuel_round_altar, serial_shops, shop, shop,
          nicolae_shop_competitors_out_of_business, nicolae_shop_behind_doors,
          gammafunk_ghost_smash, uniq_maurice, uniq_pikel
Temple:   dshaligram_water_room_temple

Skill      XL: |  1  2  3  4  5  6  7  8  9 |
---------------+----------------------------+-----
Conjurations   | 2 3 4 5 6 7 |  7.2
Spellcasting   | 4 5 6 8 9 |  9.3
Fighting       | 1 3 |  3.6
Hexes          | 1 3 |  3.6
Ice Magic      | 1 3 |  3.6
Invocations    | 3 |  3.8
Translocations | 2 |  2.4
Dodging        | |  2.0
Stealth        | |  2.6
Summonings     | |  1.0

Action                   |  1- 3 |  4- 6 |  7- 9 | 10-12 || total
-------------------------+-------+-------+-------+-------++-------
Melee: Unarmed           |    22 |       |       |       ||    22
       Constrict         |     4 |     8 |    30 |     3 ||    45
       Tentacles         |     4 |     2 |    14 |     4 ||    24
       Whip              |       |    23 |    87 |       ||   110
       Dagger            |       |       |       |    19 ||    19
 Fire: Hunting sling     |    31 |    61 |       |       ||    92
 Cast: Magic Dart        |    56 |   110 |   186 |    63 ||   415
       Mephitic Cloud    |     3 |    15 |    34 |    12 ||    64
       Conjure Flame     |       |     3 |    21 |     4 ||    28
       Blink             |       |     7 |     8 |     5 ||    20
Evoke: Wand              |       |       |     4 |     2 ||     6
  Use: Scroll            |       |     7 |     6 |     4 ||    17
 Stab: Sleeping          |     1 |       |     2 |       ||     3
       Confused          |       |       |     3 |       ||     3
  Eat: Chunk             |     2 |     8 |    10 |     2 ||    22
       Ration            |       |     1 |     1 |     1 ||     3
Armor: Skin              |     5 |     4 |     1 |     2 ||    12
Dodge: Dodged            |    45 |    73 |    85 |    21 ||   224

Table legend:
 A = Non-vault XP
 B = Vault XP
 C = Vault XP percentage of total XP
 D = Non-vault monster count
 E = Vault monster count
 F = Vault count percentage of total count
                 A         B        C        D         E       F
            +---------+---------+-------+---------+---------+-------
      Total |    4370 |    1323 |  23.2 |     145 |      23 |  13.7
            +---------+---------+-------+---------+---------+-------
        D:1 |      28 |       0 |   0.0 |      18 |       0 |   0.0
        D:2 |      67 |       8 |  10.7 |      23 |       4 |  14.8
        D:3 |     197 |     100 |  33.7 |      26 |      11 |  29.7
        D:4 |     475 |      22 |   4.4 |      15 |       4 |  21.1
        D:5 |     607 |       0 |   0.0 |      18 |       0 |   0.0
        D:6 |     287 |     488 |  63.0 |       4 |       2 |  33.3
        D:7 |     802 |     705 |  46.8 |      18 |       2 |  10.0
        D:8 |    1479 |       0 |   0.0 |      20 |       0 |   0.0
        D:9 |     428 |       0 |   0.0 |       3 |       0 |   0.0
            +---------+---------+-------+---------+---------+-------
